 Dungeon Crawl Stone Soup version 0.22.0-6-g71bd7aa (webtiles) character file.

397 Amnesiac the Gusty (level 6, -2/41 HPs)
             Began as a Mummy Air Elementalist on Aug 15, 2018.
             Killed from afar by Blork the orc (18 damage)
             ... with a puff of flame
             ... on level 4 of the Dungeon.
             The game lasted 00:05:03 (2675 turns).

Amnesiac the Gusty (Mummy Air Elementalist)         Turns: 2675, Time: 00:05:04

Health: -2/41      AC:  2    Str: 11    XL:     6   Next: 53%
Magic:  10/13      EV: 27    Int: 16    God:
Gold:   95         SH:  0    Dex: 13    Spells: 8/15 levels left

rFire    x . .     SeeInvis .   a - +0 whip (drain)
rCold    + . .     Gourm    .   (no shield)
rNeg     + + +     Faith    .   d - +0 robe
rPois    ∞         Spirit   .   (no helmet)
rElec    .         Reflect  .   (no cloak)
rCorr    .         Harm     .   (no gloves)
MR       .....                  (no boots)
Stlth    ++........             i - amulet of the acrobat
HPRegen  0.13/turn              (no ring)
MPRegen  0.13/turn              (no ring)

@: very slightly contaminated
A: no food or potions, fire vulnerability, cold resistance 1, negative energy
resistance 3, torment resistance, unbreathing
a: no special abilities


You were on level 4 of the Dungeon.
You were not hungry.

You visited 2 branches of the dungeon, and saw 5 of its levels.
You also visited: Sewer.

You collected 95 gold pieces.

Inventory:

Hand Weapons
 a - a +0 whip of draining (weapon)
 b - a +0 blowgun
Missiles
 f - 16 poisoned needles
Armour
 d - a +0 robe (worn)
Jewellery
 i - an amulet of the acrobat (around neck)
Scrolls
 c - a scroll of fear {!r, unknown}
 e - 3 scrolls of remove curse {!r}
 g - a scroll of teleportation {!r, unknown}
 h - a scroll of fog {!r}
 j - a scroll of blinking {!r, unknown}


   Skills:
 - Level 1.5 Dodging
 - Level 1.5 Stealth
 + Level 5.2 Spellcasting
 - Level 0.7 Conjurations
 * Level 5.2 Air Magic


You had 8 spell levels left.
You knew the following spells:

 Your Spells              Type           Power        Failure   Level  Hunger
a - Shock                 Conj/Air       ##..         4%          1    N/A
d - Airstrike             Air            ###.......   17%         4    N/A
z - Swiftness             Chrm/Air       ##......     8%          2    N/A

Your spell library contained the following spells:

 Spells                   Type           Power        Failure   Level  Hunger
 Lightning Bolt           Conj/Air       ##........   77%         5    N/A
 Static Discharge         Conj/Air       ##......     13%         3    N/A

Dungeon Overview and Level Annotations

Branches:
Dungeon (4/15)             Temple (1/1) D:4

Altars:
Cheibriados
Fedhas
Gozag
Hepliaklqana
Makhleb
Okawaru
Uskayaw
Vehumet
Xom
Yredelemnul
Zin
The Shining One

Annotations:
D:4 Blork the orc


Innate Abilities, Weirdness & Mutations

You do not eat or drink.
Your flesh is vulnerable to fire.
You are immune to poison.
Your flesh is cold resistant. (rC+)
You are immune to negative energy. (rN+++)
You are immune to unholy pain and torment.
You can survive without breathing.


Message History

Aim: a gnoll, wielding a flail (severely wounded)
The zap misses the gnoll.
The zap hits the gnoll.
The gnoll is almost dead.
Casting: Shock (safe; 4% risk of failure)
Confirm with . or Enter, or press ? or * to list all spells.
Aiming: Shock (safe; 4% risk of failure)
Press: ? - help, Shift-Dir - straight line, f/p - gnoll
Aim: a gnoll, wielding a flail (almost dead)
The zap hits the gnoll.
You kill the gnoll!
Casting: Shock (safe; 4% risk of failure)
Confirm with . or Enter, or press ? or * to list all spells.
You can't see any susceptible monsters within range! (Use Z to cast anyway.)
Casting: Shock (safe; 4% risk of failure)
Confirm with . or Enter, or press ? or * to list all spells.
You can't see any susceptible monsters within range! (Use Z to cast anyway.)
You see here a flail.
Things that are here:
a halberd; a gnoll corpse Magic restored.
There is an escape hatch in the ceiling here.
You found a shaft!
There is a shaft here.
Done exploring.
Done exploring.
Done exploring.
Done exploring.
Done exploring.
There is a shaft here.
You fall through a shaft for 2 floors!
The shaft crumbles and collapses.
Blork the orc comes into view.
He is wielding a glaive.
Found a helmet.
Casting: Shock (safe; 4% risk of failure)
Confirm with . or Enter, or press ? or * to list all spells.
Aiming: Shock (safe; 4% risk of failure)
Press: ? - help, Shift-Dir - straight line, f - Blork the orc
Aim: Blork the orc, wielding a glaive and wearing a robe (resting)
The zap hits Blork the orc.
Blork the orc is lightly wounded.
The zap misses Blork the orc.
Casting: Shock (safe; 4% risk of failure)
Confirm with . or Enter, or press ? or * to list all spells.
Aiming: Shock (safe; 4% risk of failure)
Press: ? - help, Shift-Dir - straight line, f/p - Blork the orc
Aim: Blork the orc, wielding a glaive and wearing a robe (lightly wounded)
The zap hits Blork the orc.
Blork the orc is moderately wounded.
Blork the orc closely misses you.
Casting: Shock (safe; 4% risk of failure)
Confirm with . or Enter, or press ? or * to list all spells.
Aiming: Shock (safe; 4% risk of failure)
Press: ? - help, Shift-Dir - straight line, f/p - Blork the orc
Aim: Blork the orc, wielding a glaive and wearing a robe (moderately wounded)
You miscast Shock.
You are very lightly contaminated with residual magic.
Your skin glows momentarily.
Blork the orc hits you from afar with a glaive!
Blork the orc gestures at you while chanting.
The magic dart hits you!
* * * LOW HITPOINT WARNING * * *
Blork the orc gestures at you while chanting.
The puff of flame hits you! The fire burns you terribly!
You die...

###
##.####
#.....##
#......#
##..@...#
#......##
##.....#
#..o.##
#..###
##.# #..
##. ..


You could see Blork the orc.

Vanquished Creatures
  3 big kobolds (Sewer)
  A hound skeleton (D:4)
  3 gnolls (D:2)
  3 river rats (Sewer)
  4 adders
  2 oozes (Sewer)
  2 worms (Sewer)
  3 dart slugs
  5 leopard geckos (D:4)
  5 giant cockroaches
  A goblin (D:2)
  2 hobgoblins
  6 jackals
  2 ball pythons (Sewer)
  6 bats
  A frilled lizard (D:2)
  9 kobolds
  9 rats
67 creatures vanquished.

Notes
Turn   | Place    | Note
-------+----------+-------------------------------------------
     0 | D:1      | Amnesiac the Mummy Air Elementalist began the quest for the Orb.
     0 | D:1      | Reached XP level 1. HP: 13/13 MP: 4/4
   357 | D:1      | Reached XP level 2. HP: 15/19 MP: 1/5
   361 | D:1      | Learned a level 2 spell: Swiftness
   402 | D:2      | Found a blossoming altar of Fedhas.
   453 | D:4      | Found a snail-covered altar of Cheibriados.
   471 | D:4      | Found a glowing drain.
   491 | D:4      | Reached XP level 3. HP: 22/24 MP: 0/7
   553 | Sewer    | Entered a sewer
   970 | Sewer    | Noticed a big kobold
   984 | Sewer    | Killed a big kobold
   984 | Sewer    | Reached XP level 4. HP: 24/30 MP: 0/10
  1128 | Sewer    | Noticed a big kobold
  1147 | Sewer    | Killed a big kobold
  1147 | Sewer    | Reached XP level 5. HP: 10/35 MP: 2/11
  1583 | Sewer    | Learned a level 4 spell: Airstrike
  1747 | Sewer    | Reached skill level 5 in Spellcasting
  1747 | Sewer    | Reached skill level 5 in Air Magic
  1747 | Sewer    | Reached XP level 6. HP: 19/41 MP: 4/13
  1931 | D:4      | Found a staircase to the Ecumenical Temple.
  1959 | Temple   | Entered the Ecumenical Temple
  2229 | D:2      | Found a faded altar of an unknown god.
  2667 | D:2      | You fall through a shaft for 2 floors!
  2667 | D:4      | Noticed Blork the orc
  2675 | D:4      | Killed from afar by Blork the orc

Skill      XL: |  1  2  3  4  5 |
---------------+----------------+-----
Spellcasting   | 3 4 5 |  5.2
Air Magic      | 3 4 5 |  5.2
Dodging        | |  1.5
Stealth        | |  1.5
Conjurations   | |  0.7

Action                   |  1- 3 |  4- 6 || total
-------------------------+-------+-------++-------
Melee: Whip              |    15 |    22 ||    37
 Cast: Shock             |    53 |    92 ||   145
  Use: Scroll            |     2 |     1 ||     3
 Stab: Sleeping          |     1 |       ||     1
Armor: Robe              |     1 |    15 ||    16
Dodge: Dodged            |    16 |    54 ||    70
